 Dungeon Crawl Stone Soup version 0.24-a0-736-g4e6fe308c7 (webtiles) character file.

Game seed: 15644059253330446198, levelgen mode: deterministic

20204 Arixos the Covert (level 12, -3/55 HPs)
             Began as a Felid Venom Mage on Oct 2, 2019.
             Was an Elder of Sif Muna.
             Slain by a hippogriff (4 damage)
             ... on level 4 of the Lair of Beasts.
             The game lasted 03:11:12 (24652 turns).

Arixos the Covert (Felid Venom Mage)               Turns: 24652, Time: 03:11:12

Health: -3/55      AC:  3    Str:  4    XL:     12   Next: 43%
Magic:  9/24       EV: 28    Int: 24    God:    Sif Muna [****..]
Gold:   969        SH:  0    Dex: 19    Spells: 5/26 levels left
                                        Lives:  0   Deaths: 3

rFire    . . .     SeeInvis +     - Unarmed
rCold    + + .     Gourm    .   (shield unavailable)
rNeg     . . .     Faith    .   (armour unavailable)
rPois    +         Spirit   .   (helmet unavailable)
rElec    .         Reflect  .   (cloak unavailable)
rCorr    .         Harm     .   (gloves unavailable)
MR       +....                  (boots unavailable)
Stlth    ++++++....             (no amulet)
HPRegen  0.18/turn              I - +5 ring of intelligence
MPRegen  0.19/turn              J - ring of protection from cold

@: frozen, slow
A: very small, no armour, no weapons or thrown items, stealth, claws 1, fangs 3,
see invisible, blink, carnivore, speed 1, poison resistance, shaggy fur 3, slow
metabolism 1, sharp paws
a: Blink, Channel Magic, Forget Spell, Divine Exegesis, Renounce Religion


You were on level 4 of the Lair of Beasts.
You worshipped Sif Muna.
Sif Muna was greatly pleased with you.
You were very full.

You visited 3 branches of the dungeon, and saw 17 of its levels.
You also visited: Sewer, Ossuary and Volcano.

You collected 969 gold pieces.

Inventory:

Jewellery
 I - a +5 ring of intelligence (left paw)
 J - a ring of protection from cold (right paw)
Wands
 x - a wand of acid (9)
 z - a wand of enslavement (14)
 E - a wand of polymorph (6)
 F - a wand of digging (3)
 H - a wand of disintegration (22)
 K - a wand of scattershot (2)
Scrolls
 d - 14 scrolls of remove curse
 e - 7 scrolls of identify
 g - a scroll of immolation
 i - 4 scrolls of amnesia
 j - 7 scrolls of teleportation
 l - 2 scrolls of blinking {unknown}
 n - 4 scrolls of fog
 p - 3 scrolls of fear {unknown}
 t - a scroll of random uselessness {unknown}
 v - 2 scrolls of magic mapping
 y - 4 scrolls of silence
 A - a scroll of holy word {unknown}
 D - a scroll of vulnerability {unknown}
 G - a scroll of torment {unknown}
Potions
 a - 5 potions of curing
 c - 2 potions of berserk rage {unknown}
 f - 4 potions of might {unknown}
 h - 5 potions of brilliance
 k - a potion of agility
 o - 2 potions of magic {unknown}
 r - 2 potions of degeneration {unknown}
 w - 3 potions of mutation
 B - 5 potions of flight {unknown}
Comestibles
 b - 33 rations


   Skills:
 + Level 7.9 Fighting
 + Level 10.6 Dodging
 + Level 11.5 Stealth
 + Level 7.9 Unarmed Combat
 + Level 7.7 Spellcasting
 - Level 4.0 Conjurations
 - Level 4.0 Hexes
 - Level 6.0 Translocations
 + Level 7.5 Transmutations
 - Level 2.0 Air Magic
 - Level 2.0 Earth Magic
 + Level 7.8 Poison Magic


You had 5 spell levels left.
You knew the following spells:

 Your Spells              Type           Power        Failure   Level  Hunger
a - Poisonous Vapours     Pois/Air       ####..       1%          2    None
c - Confuse               Hex            ####....     3%          3    None
e - Blink                 Tloc           N/A          1%          2    None
f - Mephitic Cloud        Conj/Pois/Air  ####....     3%          3    None
g - Gell's Gravitas       Tloc           #####.....   1%          3    None
p - Petrify               Tmut/Erth      ####....     10%         4    ###....
t - Olgreb's Toxic Radia  Pois           #####...     2%          4    ###....

Your spell library contained the following spells:

 Spells                   Type           Power        Failure   Level  Hunger
 Confusing Touch          Hex            ####..       1%          1    None
 Magic Dart               Conj           ####         1%          1    None
 Sting                    Conj/Pois      ####         1%          1    None
 Slow                     Hex            ####....     1%          2    None
 Conjure Flame            Conj/Fire      ###.....     9%          3    None
 Call Imp                 Summ           #.......     10%         2    None
 Venom Bolt               Conj/Pois      #####.....   16%         5    #####..
 Yara's Violent Unravell  Hex/Tmut       #####.....   17%         5    #####..
 Metabolic Englaciation   Hex/Ice        ###.......   63%         5    #####..


Dungeon Overview and Level Annotations

Branches:
Dungeon (10/15)            Temple (1/1) D:6            Lair (6/6) D:10
 Shoals (0/4) Lair:2       Spider (0/4) Lair:2        Sewer (visited)
Ossuary (visited)         Volcano (visited)
  Slime: Lair:5-6       Orc: D:9-12

Altars:
Ashenzari
Cheibriados
Dithmenos
Elyvilon
Fedhas
Gozag
Hepliaklqana
Kikubaaqudgha
Makhleb
Nemelex Xobeh
Okawaru
Qazlal
Ru
Sif Muna
Trog
Uskayaw
Vehumet
Wu Jian
Xom
Yredelemnul
Zin
The Shining One

Shops:
D:6 ?   D:9 ?%([!

Annotations:
Lair:1 exclusion: oklob plant
Lair:2 exclusion: oklob plant
Lair:4 1 runed translucent door, Tanusch's ghost, journeyman GnAE


Innate Abilities, Weirdness & Mutations

You cannot wear armour.
You are incapable of wielding weapons or throwing items.
Your paws allow you to move quietly. (Stealth)
You have sharp claws.
You have razor-sharp teeth.
You have supernaturally acute eyesight. (SInv)
You are carnivorous and can eat meat at any time.
You cover ground quickly.
Your thick and shaggy fur keeps you warm. (AC +3, rC+)
You have a slow metabolism.
Your sharp claws are effective at attacking unaware monsters.
You can translocate small distances at will.
Your system is resistant to poisons. (rPois)


Message History

The rime drake breathes ice at you. The flash freeze hits you!
You partially resist.
* * * LOW HITPOINT WARNING * * *
You are encased in ice.
The ice encasing you melts away.
The rime drake looks more healthy.
The rime drake breathes ice at you. The flash freeze misses you.
Your magical contamination has completely faded away.
All of the chunks of flesh in your inventory have rotted away.
There is a stone staircase leading up here.
The rime drake breathes ice at you. The flash freeze hits you!!
You partially resist.
* * * LOW HITPOINT WARNING * * *
You are encased in ice.
You climb upwards.
Level annotation: 1 runed translucent door, Tanusch's ghost, journeyman GnAE The hippogriff closely misses you.
The hippogriff completely misses you. The hippogriff claws you.
You die...

### ####.# ### ##.P..##
#P###......# ##..##..##.P#
##........#.## ### #...........#
##P# #.....@H....## ##
##..######Y.......#.P# #####.
#......ll#........#..# ##.....
###.....H.............P####.#...#
.##...................P#.###.....
..'.......##........#.'....#..#..
.##.......P##..##..##.###..#.....
.##.......#######.....####......#
.##.....>.# #.....P# #.+.....


You could see a death yak (wandering) and a hippogriff.

Vanquished Creatures
  A hydra (Lair:5)
  5 death yaks
  Urug (D:10)
  2 black mambas
  Joseph (Lair:1)
  A centaur skeleton (D:10)
  6 rime drakes
  3 komodo dragons
  7 spiny frogs
  10 hippogriffs
  11 blink frogs
  13 wyverns
  Sigmund (D:2)
  A fire elemental (Volcano)
  5 basilisks
  8 yaks
  A hungry ghost (D:10)
  Edmund (D:6)
  6 water moccasins
  2 porcupines
  A sky beast (D:8)
  2 ice beasts (D:8)
  A black bear (D:10)
  A necrophage (D:7)
  2 orc warriors
  3 phantoms
  14 wolves
  6 ogres
  5 centaurs
  11 crocodiles
  A big kobold (D:9)
  16 bullfrogs
  A water moccasin zombie (D:5)
  3 scorpions
  4 killer bees (D:7)
  5 wights
  A crimson imp (D:6)
  5 orc priests
  A bullfrog skeleton (D:7)
  3 jellies
  4 orc wizards
  4 hounds
  Jessica (D:2)
  2 iguanas (D:5)
  10 worker ants
  2 hound skeletons
  A worker ant zombie (D:10)
  7 gnolls
  19 adders
  3 shadow imps
  3 oozes
  An adder skeleton (D:7)
  2 adder zombies
  2 worms
  A dart slug (D:1)
  5 leopard geckos
  19 orcs
  5 giant cockroaches
  8 goblins
  6 hobgoblins
  3 jackals (D:1)
  11 quokkas
  7 ball pythons
  5 bats
  5 frilled lizards
  13 kobolds
  A leopard gecko skeleton (D:4)
  2 orc zombies (Ossuary)
  9 rats
  2 butterflies (Lair:1)
  A fire vortex (Volcano)
336 creatures vanquished.

Vanquished Creatures (others)
  A fire vortex (Volcano)
  21 fungi
  7 plants
29 creatures vanquished.

Grand Total: 365 creatures vanquished

Notes
Turn   | Place    | Note
-------+----------+-------------------------------------------
     0 | D:1      | Arixos the Felid Venom Mage began the quest for the Orb.
     0 | D:1      | Reached XP level 1. HP: 7/7 MP: 4/4
    62 | D:1      | Reached skill level 1 in Conjurations
    62 | D:1      | Reached XP level 2. HP: 12/12 MP: 1/6
   116 | D:1      | Learned a level 2 spell: Poisonous Vapours
   269 | D:1      | Reached skill level 3 in Stealth
   548 | D:1      | Reached XP level 3. HP: 15/15 MP: 7/7
   979 | D:2      | Reached skill level 1 in Fighting
  1057 | D:2      | Learned a level 3 spell: Mephitic Cloud
  1237 | D:2      | Noticed Jessica
  1250 | D:2      | Killed Jessica
  1250 | D:2      | Reached skill level 1 in Unarmed Combat
  1250 | D:2      | Reached XP level 4. HP: 19/19 MP: 3/8
  1615 | D:2      | Noticed Sigmund
  1633 | D:2      | Killed Sigmund
  1633 | D:2      | Reached skill level 4 in Stealth
  1633 | D:2      | Reached skill level 1 in Air Magic
  1633 | D:2      | Reached XP level 5. HP: 5/22 MP: 1/9
  2253 | D:2      | Gained mutation: You are covered in thick fur. (AC +2)
                  | [Felid growth]
  2253 | D:2      | Reached XP level 6. HP: 12/26 MP: 8/11
  4366 | D:3      | Gained mutation: You can translocate small distances at
                  | will. [potion of mutation]
  4366 | D:3      | Gained mutation: Your system is resistant to poisons.
                  | (rPois) [potion of mutation]
  4384 | D:3      | Reached XP level 7. HP: 13/30 MP: 12/12
  5668 | D:4      | Found an ornate altar of the Wu Jian Council.
  5670 | D:4      | Found a basalt altar of Yredelemnul.
  5670 | D:4      | Found a shimmering altar of Xom.
  5698 | D:4      | Reached skill level 5 in Stealth
  5801 | D:4      | Learned a level 3 spell: Confuse
  5807 | D:4      | Learned a level 3 spell: Gell's Gravitas
  5807 | D:4      | Found an opulent altar of Gozag.
  5807 | D:4      | Found a basalt altar of Yredelemnul.
  5807 | D:4      | Found a glowing silver altar of Zin.
  5900 | D:4      | Found a sacrificial altar of Ru.
  6166 | D:5      | Entered Level 5 of the Dungeon
  6189 | D:5      | Found a sand-covered staircase.
  6197 | Ossuary  | Entered an ossuary
  6521 | D:5      | Slain by an iguana
  6522 | D:5      | Reached XP level 6. HP: -2/27 MP: 7/12
  6627 | D:5      | Reached skill level 1 in Translocations
  6627 | D:5      | Reached XP level 7. HP: 18/30 MP: 4/13
  6761 | D:5      | Reached skill level 1 in Hexes
  6806 | D:5      | Found a shattered altar of Ashenzari.
  6812 | D:5      | Saw a vision of the Shoals and the Spider Nest.
  6812 | D:5      | Noticed a redback
  6812 | D:5      | Noticed a merfolk
  6812 | D:5      | Noticed a redback
  6812 | D:5      | Noticed a redback
  6812 | D:5      | Noticed a hippogriff
  6812 | D:5      | Noticed a merfolk
  6812 | D:5      | Noticed a merfolk siren
  6812 | D:5      | Noticed a redback
  6813 | D:5      | Noticed a merfolk siren
  6895 | D:5      | Reached skill level 5 in Dodging
  7112 | D:6      | Noticed Edmund
  7145 | D:6      | Found a glowing drain.
  7163 | Sewer    | Entered a sewer
  7916 | D:6      | Killed Edmund
  8067 | D:5      | Reached XP level 8. HP: 31/34 MP: 9/14
  8498 | D:6      | Reached skill level 6 in Stealth
  8676 | D:6      | Learned a level 4 spell: Petrify
  8779 | D:6      | Found Daebin's Magic Scroll Shop.
  8793 | D:6      | You fall into a shaft and drop 2 floors!
  9405 | D:8      | Reached skill level 1 in Transmutations
  9768 | D:6      | Found a staircase to the Ecumenical Temple.
  9780 | Temple   | Entered the Ecumenical Temple
  9851 | Temple   | Became a worshipper of Sif Muna the Loreminder
 10778 | D:7      | Reached XP level 9. HP: 34/39 MP: 4/16
 11653 | D:7      | Reached skill level 7 in Stealth
 11675 | D:7      | Reached skill level 5 in Poison Magic
 11775 | D:7      | Learned a level 2 spell: Blink
 11964 | D:8      | Reached * piety under Sif Muna
 12343 | D:8      | Reached skill level 5 in Translocations
 12914 | D:9      | Found Ytu Rypnu's Distillery.
 12921 | D:9      | Found Aqaadgh's Antique Armour Shop.
 12926 | D:9      | Found Gapoipep's Weapon Shoppe.
 12989 | D:9      | Found Cagreca's Food Emporium.
 12991 | D:9      | Found Weosivik's Magic Scroll Boutique.
 13294 | D:10     | Entered Level 10 of the Dungeon
 13307 | D:10     | Reached skill level 5 in Spellcasting
 13307 | D:10     | Reached skill level 1 in Earth Magic
 13706 | D:10     | Reached XP level 10. HP: 43/43 MP: 8/18
 13962 | D:10     | Reached skill level 5 in Fighting
 14028 | D:10     | Noticed Urug
 14090 | D:10     | Killed Urug
 14090 | D:10     | Reached skill level 8 in Stealth
 14090 | D:10     | Reached skill level 5 in Unarmed Combat
 14294 | D:10     | Reached ** piety under Sif Muna
 14870 | D:10     | Found a staircase to the Lair.
 15170 | Lair:1   | Entered Level 1 of the Lair of Beasts
 15469 | Lair:1   | Noticed Joseph
 15610 | Lair:1   | Mangled by a komodo dragon
 15611 | Lair:1   | Reached XP level 9. HP: -7/40 MP: 26/27
 15619 | Lair:1   | HP: 2/40 [Joseph/sling bullet (13)]
 15643 | Lair:1   | Killed Joseph
 15702 | Lair:1   | Found a dark tunnel.
 15747 | Volcano  | Entered a volcano
 16041 | Volcano  | Noticed a molten gargoyle
 16041 | Volcano  | Noticed a molten gargoyle
 16055 | Volcano  | Killed from afar by a molten gargoyle
 16056 | Volcano  | Reached XP level 8. HP: -11/37 MP: 25/26
 16231 | Lair:1   | Reached XP level 9. HP: 40/40 MP: 11/18
 16550 | Lair:1   | Reached skill level 9 in Stealth
 17354 | Lair:1   | Killed a komodo dragon
 17354 | Lair:1   | Reached skill level 5 in Transmutations
 17354 | Lair:1   | Reached XP level 10. HP: 45/45 MP: 18/20
 17360 | Lair:1   | Learned a level 4 spell: Olgreb's Toxic Radiance
 17440 | Lair:1   | Noticed an oklob plant
 17743 | Lair:2   | Noticed a spiny frog
 17745 | Lair:2   | Noticed a spiny frog
 17750 | Lair:2   | Killed a spiny frog
 17763 | Lair:2   | Killed a spiny frog
 17797 | Lair:2   | Noticed an oklob plant
 18092 | Lair:2   | Noticed a spiny frog
 18102 | Lair:2   | Killed a spiny frog
 18136 | Lair:2   | Noticed a spiny frog
 18143 | Lair:2   | Killed a spiny frog
 18476 | Lair:2   | Noticed a black mamba
 18492 | Lair:2   | Reached *** piety under Sif Muna
 18514 | Lair:2   | Killed a black mamba
 18600 | Lair:2   | Found a staircase to the Shoals.
 18713 | Lair:2   | Found a hole to the Spider Nest.
 18861 | Lair:3   | Noticed a spiny frog
 19023 | Lair:2   | Killed a spiny frog
 19023 | Lair:2   | Reached XP level 11. HP: 26/49 MP: 11/21
 19333 | Lair:2   | Reached skill level 10 in Stealth
 21178 | Lair:4   | Found a runed translucent door.
 21180 | Lair:4   | Noticed Tanusch's ghost (journeyman GnAE)
 21241 | Lair:4   | Noticed a death yak
 21242 | Lair:4   | Noticed a death yak
 21246 | Lair:4   | Noticed a death yak
 21250 | Lair:4   | Noticed a death yak
 21291 | Lair:3   | Killed a death yak
 21466 | Lair:3   | Killed a death yak
 21823 | Lair:4   | Noticed a death yak
 21826 | Lair:4   | Noticed a death yak
 21888 | Lair:4   | Killed a death yak
 22282 | Lair:4   | Killed a death yak
 22424 | Lair:4   | Reached skill level 10 in Dodging
 22879 | Lair:4   | Reached **** piety under Sif Muna
 22896 | Lair:4   | Reached skill level 11 in Stealth
 23084 | Lair:4   | Gained mutation: Your thick and shaggy fur keeps you warm.
                  | (AC +3, rC+) [Felid growth]
 23084 | Lair:4   | Reached XP level 12. HP: 54/54 MP: 11/23
 24336 | Lair:5   | Noticed a five-headed hydra
 24419 | Lair:6   | Entered Level 6 of the Lair of Beasts
 24437 | Lair:5   | Noticed a six-headed hydra
 24456 | Lair:5   | Killed a six-headed hydra
 24614 | Lair:5   | Killed a death yak
 24651 | Lair:5   | HP: 1/55 [rime drake/flash freeze (18)]
 24652 | Lair:4   | Slain by a hippogriff

Levels and vault maps discovered:
D:1:      co_arrival_two_rings, layout_basic, serial_park_tiny_pond
D:2:      layout_basic, first_ration, st_stairs_10, chequers_decorated_corner,
          uniq_sigmund, uniq_jessica
D:3:      minmay_razor_zed, layout_basic, serial_bayou_pond_e
D:4:      layout_basic, lemuel_doored_altar, doesnt_xom_only_xom
D:5:      layout_rooms, nicolae_ossuary_entry_plus, grunt_ashenzari_visionary
          [grunt_ashenzari_visionary_shoals, grunt_ashenzari_visionary_spider]
D:6:      layout_loops_ring, minmay_temple_entry_glassed_door, serial_shops,
          nicolae_shop_behind_doors, portal_sewer_entry_d, minmay_bent,
          uniq_edmund
D:7:      layout_loops_ring, chequers_serial_rivers_small_3
D:8:      layout_cave_pods
D:9:      layout_loops_ring, serial_shops,
          nicolae_shop_competitors_out_of_business, shop, nicolae_shop_crystal,
          shop, nicolae_shop_trees
D:10:     layout_basic, grunt_lair_entry_orc_guard_hut, uniq_urug
Temple:   nicolae_temple_the_god_donut
Lair:1:   layout_loops_ring, nicolae_volcano_entry_two_sided,
          lemuel_fruit_fields, minmay_lair_oklob_chamber, uniq_joseph
Lair:2:   layout_gridlike, shoals_dummy_entry, dummy_spider_entry,
          minmay_lair_oklob_bushes
Lair:3:   layout_gridlike, grunt_megastairs_3, lemuel_fruit_fields,
          serial_bayou_shore_a
Lair:4:   layout_roguey [special_room_mythical_zoo], ebering_ghost_inner_flame,
          st_stairs_5
Lair:5:   layout_roguey [special_room_mythical_zoo]
Lair:6:   minmay_lair_end_frog_pond, layout_regular_city,
          dpeg_slime_entry_enclosed_altar, lemuel_fruit_tree

Skill      XL: |  1  2  3  4  5  6  7  8  9 10 11 |
---------------+----------------------------------+-----
Conjurations   | 1 2 3 4 |  4.0
Stealth        | 3 4 5 6 9 8 11 | 11.5
Dodging        | 3 4 5 6 8 9 10 | 10.6
Fighting       | 1 2 3 4 6 5 7 |  7.9
Unarmed Combat | 1 2 3 4 6 7 |  7.9
Poison Magic   | 3 4 6 7 |  7.8
Air Magic      | 1 2 |  2.0
Spellcasting   | 3 4 6 7 |  7.7
Translocations | 1 2 3 5 6 |  6.0
Hexes          | 2 3 4 |  4.0
Transmutations | 1 5 4 7 |  7.5
Earth Magic    | 1 2 |  2.0

Action                   |  1- 3 |  4- 6 |  7- 9 | 10-12 || total
-------------------------+-------+-------+-------+-------++-------
Melee: Unarmed           |    18 |    84 |   351 |   219 ||   672
       Bite              |     4 |    13 |    36 |    29 ||    82
       Punch             |       |     1 |     4 |     9 ||    14
 Cast: Sting             |    37 |    19 |       |       ||    56
       Poisonous Vapours |     2 |    54 |   293 |   246 ||   595
       Confuse           |       |     1 |    26 |    55 ||    82
       Mephitic Cloud    |       |       |     4 |     7 ||    11
       Blink             |       |       |     2 |    12 ||    14
       Olgreb's Toxic Ra |       |       |       |    23 ||    23
       Petrify           |       |       |       |     1 ||     1
Evoke: Wand              |       |     4 |    13 |       ||    17
  Use: Potion            |       |     4 |     5 |     1 ||    10
       Scroll            |       |     2 |     4 |    12 ||    18
 Stab: Sleeping          |     5 |     6 |    24 |    15 ||    50
       Distracted        |       |       |     2 |       ||     2
       Confused          |       |       |    19 |    29 ||    48
       Petrified         |       |       |       |     3 ||     3
  Eat: Chunk             |     8 |     9 |    39 |    23 ||    79
Armor: Skin              |     3 |     3 |     9 |     6 ||    21
Dodge: Dodged            |    40 |   101 |   391 |   360 ||   892

Table legend:
 A = Non-vault XP
 B = Vault XP
 C = Vault XP percentage of total XP
 D = Non-vault monster count
 E = Vault monster count
 F = Vault count percentage of total count
                 A         B        C        D         E       F
            +---------+---------+-------+---------+---------+-------
      Total |   24873 |   11236 |  31.1 |     257 |      76 |  22.8
            +---------+---------+-------+---------+---------+-------
        D:1 |      53 |       0 |   0.0 |      21 |       0 |   0.0
        D:2 |     140 |     247 |  63.8 |       8 |       4 |  33.3
        D:3 |     354 |      60 |  14.5 |      28 |       9 |  24.3
        D:4 |     328 |       0 |   0.0 |      15 |       0 |   0.0
        D:5 |     377 |     217 |  36.5 |      13 |       2 |  13.3
        D:6 |     560 |     201 |  26.4 |      18 |       4 |  18.2
        D:7 |    1238 |       0 |   0.0 |      28 |       0 |   0.0
        D:8 |    1058 |       0 |   0.0 |      17 |       0 |   0.0
        D:9 |     623 |       0 |   0.0 |      15 |       0 |   0.0
       D:10 |    1795 |    1534 |  46.1 |      24 |       7 |  22.6
     Lair:1 |    3581 |     455 |  11.3 |      18 |       1 |   5.3
     Lair:2 |    3946 |    1410 |  26.3 |      18 |       5 |  21.7
     Lair:3 |    4930 |     788 |  13.8 |      17 |       3 |  15.0
     Lair:4 |    3557 |    4841 |  57.6 |      11 |      20 |  64.5
     Lair:5 |    2333 |    1217 |  34.3 |       6 |       5 |  45.5
      Sewer |       0 |      64 | 100.0 |       0 |      13 | 100.0
    Ossuary |       0 |       2 | 100.0 |       0 |       2 | 100.0
    Volcano |       0 |     200 | 100.0 |       0 |       1 | 100.0
            +---------+---------+-------+---------+---------+-------
